Influenza vs Atomiques
(R2)
Created - 8 mai 2016 at 22:28
Goals
|
| Influenza |
0 |
2 |
0 |
2 |
| Atomiques |
0 |
2 |
2 |
4 |
|
Shots
|
| Influenza |
6 |
16 |
10 |
32 |
| Atomiques |
11 |
14 |
19 |
44 |
|
1st period
No Goal
Penalties :
Brett Sutter (STB) for Unsportsmanlike conduct (Minor) at 3:55, Kyle Wharton (STB) for Delaying the game (Minor) at 16:18
2nd period
1. Atomiques , Marc-André Cliche 2 (Davis Drewiske, Shawn Belle) at 7:43
2. Influenza , Matt Corrente 1 (John Klingberg, Ryan Carter) at 10:43
3. Influenza , Matt Corrente 2 (John Klingberg, Zac Dalpe) at 12:34 (PP)
4. Atomiques , Tyler Kennedy 2 (Brad Winchester, Tyler Brenner) at 12:51 (PP)
Penalties :
Tyler Kennedy (STB) for Holding (Minor) at 1:43, Matt Corrente (VJB) for Hooking (Minor) at 4:24, Alexander Sulzer (STB) for Hooking (Minor) at 11:17, Robbie Earl (VJB) for Goalie Interference (Minor) at 12:40, Evgeny Grachev (VJB) for Hooking (Minor) at 13:55, Jamie Benn (VJB) for Holding (Minor) at 17:52
3rd period
5. Atomiques , Tyler Kennedy 3 (Brad Winchester, Tyler Brenner) at 3:04 (PP)
6. Atomiques , Nick Johnson 1 (Alexander Sulzer, Marc-André Cliche) at 18:56
Penalties :
Zac Dalpe (VJB) for Hooking (Minor) at 0:41, Ben Smith (VJB) for Hooking (Minor) at 1:45, Andrew Kozek (STB) for Cross-checking (Minor) at 4:23, Tyler Kennedy (STB) for Interference (Minor) at 7:57, Jordan Schroeder (VJB) for Slashing (Minor) at 19:57
Goalie Stats
Alex Stalock (VJB), 40 saves from 44 shots - (0,909), L, 2-1-0, 60:00 minutes
Alex Auld (STB), 30 saves from 32 shots - (0,938), W, 1-1-0, 60:00 minutes
Players Stats for Influenza
Player Name G A P +/- PIM S H SB GA TA FO MP PP MP PK MP
------------------------------------------------------------------------------------
Andreas Engqvist 0 0 0 0 0 1 0 0 1 1 1/5 6:37 0:00 0:00
Ben Smith 0 0 0 0 2 1 2 0 0 0 0/0 17:07 5:00 2:02
Brian Salcido 0 0 0 -1 0 0 0 0 0 0 0/0 9:53 0:00 0:46
Charlie Coyle 0 0 0 0 0 0 0 0 0 0 0/0 1:39 0:00 1:07
Colin McDonald 0 0 0 0 0 0 0 0 0 0 2/2 2:22 0:26 0:00
Corey Tropp 0 0 0 0 0 3 0 0 0 0 0/0 6:37 0:00 0:00
Evgeny Grachev 0 0 0 -1 2 2 1 0 0 1 0/2 9:26 0:00 0:00
Jamie Benn 0 0 0 0 2 0 3 0 1 0 0/1 15:49 4:58 0:51
Jeff May 0 0 0 -1 0 0 0 0 0 0 0/0 9:16 0:00 0:09
Jeremy Morin 0 0 0 -1 0 1 0 1 0 0 0/0 11:11 0:24 0:00
Jimmy Bonneau 0 0 0 0 0 0 0 0 0 0 0/0 0:13 0:00 0:05
John Klingberg 0 2 2 1 0 3 1 0 0 1 0/0 19:55 5:05 3:09
Jordan Schroeder 0 0 0 0 2 0 0 1 0 0 0/0 2:21 0:26 0:00
Martins Karsums 0 0 0 0 0 5 0 0 1 1 6/12 23:36 5:48 5:34
Mathieu Carle 0 0 0 -1 0 1 2 3 0 1 0/0 26:51 6:07 5:15
Matt Corrente 2 0 2 1 2 2 1 1 0 0 0/0 19:17 5:05 2:32
Noah Welch 0 0 0 -1 0 2 2 2 2 2 0/0 26:51 6:07 5:15
Oskars Bartulis 0 0 0 0 0 0 0 0 0 0 0/0 3:58 0:00 0:00
Robbie Earl 0 0 0 0 2 2 1 0 0 0 0/2 22:05 5:48 4:04
Ryan Carter 0 1 1 0 0 5 3 0 2 0 17/30 20:07 5:48 2:03
Ryan Russell 0 0 0 0 0 1 0 0 0 0 0/0 6:37 0:00 0:00
T.J Brodie 0 0 0 0 0 0 0 0 0 0 0/0 0:00 0:00 0:00
T.J Galiardi 0 0 0 -1 0 1 2 0 1 0 0/0 9:25 0:00 0:00
Tim Erixon 0 0 0 0 0 0 0 0 0 0 0/0 3:58 0:00 0:00
Zac Dalpe 0 1 1 0 2 2 3 0 1 0 7/10 15:14 4:58 0:24
Players Stats for Atomiques
Player Name G A P +/- PIM S H SB GA TA FO MP PP MP PK MP
------------------------------------------------------------------------------------
Alex Berry 0 0 0 0 0 4 1 0 0 0 0/0 7:09 0:04 0:00
Alexander Sulzer 0 1 1 1 2 0 3 2 0 1 0/0 27:38 5:24 5:41
Andrew Kozek 0 0 0 2 2 5 1 0 0 0 0/0 12:26 0:04 2:16
Brad Winchester 0 2 2 -1 0 5 2 0 2 1 3/9 23:07 4:52 5:44
Brett Sutter 0 0 0 0 2 1 2 0 0 0 4/7 7:57 0:00 1:14
Clayton Stoner 0 0 0 0 0 2 0 1 0 1 0/0 9:00 0:00 0:00
Davis Drewiske 0 1 1 0 0 2 0 0 0 2 0/0 22:37 3:09 4:47
John McCarthy 0 0 0 0 0 1 1 0 0 0 0/0 6:35 0:00 0:00
Kenndal McArdle 0 0 0 0 0 0 1 0 2 1 0/1 15:15 3:37 0:40
Kyle Wharton 0 0 0 0 2 3 1 0 0 0 0/0 9:43 0:00 0:44
Marc-André Cliche 1 1 2 2 0 3 0 0 1 0 3/4 12:22 0:00 3:03
Marc-Antoine Pouliot 0 0 0 0 0 3 3 0 0 0 6/13 14:17 3:37 0:00
Nick Johnson 1 0 1 2 0 3 1 0 1 0 0/0 9:53 0:04 0:00
Ryan Shannon 0 0 0 0 0 3 1 0 0 1 1/1 17:51 3:37 2:54
Shawn Belle 0 1 1 0 0 1 3 0 1 0 0/0 22:37 3:09 4:47
Tyler Brenner 0 2 2 -1 0 2 1 0 0 0 12/27 20:39 4:52 2:54
Tyler Kennedy 2 0 2 -1 4 4 2 0 0 1 2/2 21:13 4:52 3:39
Victor Hedman 0 0 0 1 0 2 4 4 0 1 0/0 28:23 5:24 6:25
3 Stars
1 - Matt Corrente (VJB)
2 - Marc-André Cliche (STB)
3 - Nick Johnson (STB)
Power Play
Influenza - 1 on 6 Attempt(s) - 16,67%
Atomiques - 2 on 7 Attempt(s) - 28,57%
Penalty Kill
Influenza - 5 on 7 Attempt(s) - 71,43%
- Score 0 goal in Penalty Kill
Atomiques - 5 on 6 Attempt(s) - 83,33%
- Score 0 goal in Penalty Kill
Team Stat
Influenza - Hits : 21 - Faceoff Wins : 33 - Blocked Shots : 8 - Penalty Minutes : 14
Atomiques - Hits : 27 - Faceoff Wins : 31 - Blocked Shots : 7 - Penalty Minutes : 12
Official
Referees : O'Rourke Dan and Marouelli Dan
Linesman : Darren Gibbs and Mike Cvik
Game Notes
3:38 of 3rd period - Atomiques goal is going for a video replay. After video review, No Goal. The puck has entered the net after making contact with an attacking player’s stick that is above the height of the crossbar.
Finance
Level 1 -- Attendance: 1760 (88,00%) -- Ticket Income 61 600 $
Level 2 -- Attendance: 917 (91,70%) -- Ticket Income 13 755 $
Total Attendance: 2677 (89,23%)
Total Ticket Income: 75 355 $
Other Income: 3 768 $
Total Income: 79 123 $
Influenza
5 vs 5 Forward
Center Left Wing Right Wing Time % Phy DF OF
1 Ryan Carter Robbie Earl Martins Karsums 40 1 2 2
2 Zac Dalpe Jamie Benn Ben Smith 30 1 2 2
3 Evgeny Grachev T.J Galiardi Jeremy Morin 20 1 2 2
4 Andreas Engqvist Ryan Russell Corey Tropp 10 1 2 2
5 vs 5 Defense
Defense Defense Time % Phy DF OF
1 Noah Welch Mathieu Carle 40 1 2 2
2 John Klingberg Matt Corrente 30 1 2 2
3 Brian Salcido Jeff May 20 1 2 2
4 Oskars Bartulis Tim Erixon 10 1 2 2
PowerPlay Forward
Center Left Wing Right Wing Time % Phy DF OF
1 Ryan Carter Robbie Earl Martins Karsums 60 1 2 2
2 Zac Dalpe Jamie Benn Ben Smith 40 1 2 2
PowerPlay Defense
Defense Defense Time % Phy DF OF
1 Noah Welch Mathieu Carle 60 1 2 2
2 John Klingberg Matt Corrente 40 1 2 2
Penalty Kill 4 Players Forward
Center Wing Time % Phy DF OF
1 Martins Karsums Robbie Earl 60 1 2 2
2 Ryan Carter Ben Smith 40 1 2 2
Penalty Kill 4 Players Defense
Defense Defense Time % Phy DF OF
1 Noah Welch Mathieu Carle 60 1 2 2
2 John Klingberg Matt Corrente 40 1 2 2
Penalty Kill - 3 Players Forward
Forward Time % Phy DF OF
1 Martins Karsums 60 1 2 2
2 Robbie Earl 40 1 2 2
Penalty Kill - 3 Players Defense
Defense Defense Time % Phy DF OF
1 Noah Welch Mathieu Carle 60 1 2 2
2 John Klingberg Matt Corrente 40 1 2 2
4 vs 4 Forward
Center Wing Time % Phy DF OF
1 Martins Karsums Robbie Earl 60 1 2 2
2 Ryan Carter Ben Smith 40 1 2 2
4 vs 4 Defense
Defense Defense Time % Phy DF OF
1 Noah Welch Mathieu Carle 60 1 2 2
2 John Klingberg Matt Corrente 40 1 2 2
Last Minutes Offensive
Center Left Wing Right Wing Defense Defense
Ryan Carter Robbie Earl Martins Karsums Noah Welch Mathieu Carle
Last Minutes Defensive
Center Left Wing Right Wing Defense Defense
Ryan Carter Robbie Earl Martins Karsums Noah Welch Mathieu Carle
Goaltenders
Starting : Alex Stalock
Backup : Thomas McCollum
Extra Forwards
Normal : Colin McDonald, Jordan Schroeder, Charlie Coyle - PP : Colin McDonald, Jordan Schroeder - PK : Charlie Coyle
Extra Defensemen
Normal : T.J Brodie, Brian Salcido, Jeff May - PP : T.J Brodie - PK : Brian Salcido, Jeff May
Penalty Shots
Martins Karsums, Robbie Earl, Ryan Carter, Ben Smith, Jamie Benn
Atomiques
5 vs 5 Forward
Center Left Wing Right Wing Time % Phy DF OF
1 Tyler Brenner Brad Winchester Tyler Kennedy 40 1 2 2
2 Marc-Antoine Pouliot Kenndal McArdle Ryan Shannon 30 1 2 2
3 Marc-André Cliche Andrew Kozek Nick Johnson 20 1 2 2
4 Brett Sutter John McCarthy Alex Berry 10 1 2 2
5 vs 5 Defense
Defense Defense Time % Phy DF OF
1 Alexander Sulzer Victor Hedman 40 1 2 2
2 Shawn Belle Davis Drewiske 30 1 2 2
3 Clayton Stoner Kyle Wharton 20 1 2 2
4 Alexander Sulzer Victor Hedman 10 1 2 2
PowerPlay Forward
Center Left Wing Right Wing Time % Phy DF OF
1 Tyler Brenner Brad Winchester Tyler Kennedy 60 1 2 2
2 Marc-Antoine Pouliot Kenndal McArdle Ryan Shannon 40 1 2 2
PowerPlay Defense
Defense Defense Time % Phy DF OF
1 Alexander Sulzer Victor Hedman 60 1 2 2
2 Shawn Belle Davis Drewiske 40 1 2 2
Penalty Kill 4 Players Forward
Center Wing Time % Phy DF OF
1 Brad Winchester Tyler Kennedy 60 1 2 2
2 Ryan Shannon Tyler Brenner 40 1 2 2
Penalty Kill 4 Players Defense
Defense Defense Time % Phy DF OF
1 Alexander Sulzer Victor Hedman 60 1 2 2
2 Shawn Belle Davis Drewiske 40 1 2 2
Penalty Kill - 3 Players Forward
Forward Time % Phy DF OF
1 Brad Winchester 60 1 2 2
2 Tyler Kennedy 40 1 2 2
Penalty Kill - 3 Players Defense
Defense Defense Time % Phy DF OF
1 Alexander Sulzer Victor Hedman 60 1 2 2
2 Shawn Belle Davis Drewiske 40 1 2 2
4 vs 4 Forward
Center Wing Time % Phy DF OF
1 Brad Winchester Tyler Kennedy 60 1 2 2
2 Ryan Shannon Tyler Brenner 40 1 2 2
4 vs 4 Defense
Defense Defense Time % Phy DF OF
1 Alexander Sulzer Victor Hedman 60 1 2 2
2 Shawn Belle Davis Drewiske 40 1 2 2
Last Minutes Offensive
Center Left Wing Right Wing Defense Defense
Tyler Brenner Brad Winchester Tyler Kennedy Alexander Sulzer Victor Hedman
Last Minutes Defensive
Center Left Wing Right Wing Defense Defense
Tyler Brenner Brad Winchester Tyler Kennedy Alexander Sulzer Victor Hedman
Goaltenders
Starting : Alex Auld
Backup : Sergei Bobrovsky
Extra Forwards
Normal : Nick Johnson, Andrew Kozek, Marc-André Cliche - PP : Nick Johnson, Andrew Kozek - PK : Marc-André Cliche
Extra Defensemen
Normal : Clayton Stoner, Kyle Wharton, Shawn Belle - PP : Clayton Stoner - PK : Kyle Wharton, Shawn Belle
Penalty Shots
Brad Winchester, Tyler Kennedy, Ryan Shannon, Tyler Brenner, Marc-Antoine Pouliot
% Time on Ice - Influenza
Lines # - Real PCT - Wanted PCT - Time Play
Normal Forward
1 - 35% - 40% - 14:08
2 - 25% - 30% - 10:05
3 - 23% - 20% - 9:25
4 - 16% - 10% - 6:37
Normal Defense
1 - 38% - 40% - 15:29
2 - 30% - 30% - 12:11
3 - 21% - 20% - 8:37
4 - 10% - 10% - 3:58
PP Forward
1 - 55% - 60% - 6:12
2 - 45% - 40% - 5:00
PP Defense
1 - 55% - 60% - 6:07
2 - 45% - 40% - 5:05
PK Forward
1 - 73% - 60% - 5:35
2 - 27% - 40% - 2:03
PK Defense
1 - 59% - 60% - 4:32
2 - 41% - 40% - 3:06
PK3 Forward
1 - 100% - 60% - 0:55
2 - 0% - 40% - 0:00
PK3 Defense
1 - 78% - 60% - 0:43
2 - 22% - 40% - 0:12
44 Forward
1 - 0% - 60%
2 - 0% - 40%
44 Defense
1 - 0% - 60%
2 - 0% - 40%
Last Minute Offensive - 0:00
Last Minute Defensive - 0:00
Total
Forward - 60:00
Defense - 60:00
|
% Time on Ice - Atomiques
Lines # - Real PCT - Wanted PCT - Time Play
Normal Forward
1 - 32% - 40% - 13:01
2 - 28% - 30% - 11:20
3 - 23% - 20% - 9:19
4 - 16% - 10% - 6:35
Normal Defense
1 - 38% - 40% - 15:10
2 - 36% - 30% - 14:41
3 - 22% - 20% - 9:00
4 - 3% - 10% - 1:24
PP Forward
1 - 58% - 60% - 4:56
2 - 42% - 40% - 3:37
PP Defense
1 - 63% - 60% - 5:24
2 - 37% - 40% - 3:09
PK Forward
1 - 74% - 60% - 8:18
2 - 26% - 40% - 2:54
PK Defense
1 - 57% - 60% - 6:25
2 - 43% - 40% - 4:47
PK3 Forward
1 - 0% - 60%
2 - 0% - 40%
PK3 Defense
1 - 0% - 60%
2 - 0% - 40%
44 Forward
1 - 0% - 60%
2 - 0% - 40%
44 Defense
1 - 0% - 60%
2 - 0% - 40%
Last Minute Offensive - 0:00
Last Minute Defensive - 0:00
Total
Forward - 60:00
Defense - 60:00
|
Play by Play
1st period
0:01 of 1st period - Martins Karsums wins face-off versus Brad Winchester in neutral zone.
0:16 of 1st period - Slapshot by Tyler Kennedy.
0:16 of 1st period - Deflect By Tyler Brenner.
0:16 of 1st period - Shot Misses the Net.
0:16 of 1st period - Puck is out of play.
0:17 of 1st period - Marc-Antoine Pouliot wins face-off versus Jamie Benn in Influenza zone.
0:18 of 1st period - Slapshot by Ryan Shannon.
0:18 of 1st period - Shot Misses the Net.
0:42 of 1st period - John Klingberg is hit by Shawn Belle and loses puck.
1:26 of 1st period - Icing by Matt Corrente.
1:27 of 1st period - Brett Sutter wins face-off versus Ryan Carter in Influenza zone.
1:40 of 1st period - Snap shot by Alex Berry.
1:40 of 1st period - Stopped by Alex Stalock with a rebound.
1:42 of 1st period - Snap shot by John McCarthy.
1:42 of 1st period - Stopped by Alex Stalock with a rebound.
2:22 of 1st period - Wrist shot by Corey Tropp.
2:22 of 1st period - Stopped by Alex Auld with a rebound.
2:24 of 1st period - Slapshot by Mathieu Carle.
2:24 of 1st period - Shot Blocked by Victor Hedman.
2:50 of 1st period - Slapshot by Victor Hedman.
2:50 of 1st period - Deflect By Andrew Kozek.
2:50 of 1st period - Stopped by Alex Stalock without a rebound.
2:51 of 1st period - Zac Dalpe wins face-off versus Marc-Antoine Pouliot in Influenza zone.
3:16 of 1st period - Ryan Carter is hit by Tyler Brenner.
3:42 of 1st period - Slapshot by Clayton Stoner.
3:42 of 1st period - Stopped by Alex Stalock without a rebound.
3:43 of 1st period - Brett Sutter wins face-off versus Andreas Engqvist in Influenza zone.
3:44 of 1st period - Wrist shot by Alex Berry.
3:44 of 1st period - Stopped by Alex Stalock with a rebound.
3:46 of 1st period - Snap shot by John McCarthy.
3:46 of 1st period - Shot Blocked by Mathieu Carle.
3:54 of 1st period - Slapshot by John McCarthy.
3:54 of 1st period - Shot Misses the Net.
3:55 of 1st period - Minor Penalty to Brett Sutter for Unsportsmanlike conduct.
3:56 of 1st period - Ryan Carter wins face-off versus Brad Winchester in Atomiques zone.
4:09 of 1st period - Snap shot by Martins Karsums.
4:09 of 1st period - Shot Misses the Net.
4:30 of 1st period - Ben Smith is hit by Alexander Sulzer and loses puck.
5:55 of 1st period - Penalty to Brett Sutter is over, Brett Sutter is back on ice.
6:47 of 1st period - Icing by Jeff May.
6:48 of 1st period - Marc-Antoine Pouliot wins face-off versus Zac Dalpe in Influenza zone.
7:18 of 1st period - Jeff May is hit by Alexander Sulzer and loses puck.
8:17 of 1st period - Snap shot by Zac Dalpe.
8:17 of 1st period - Shot Blocked by Clayton Stoner.
8:19 of 1st period - Slapshot by Zac Dalpe.
8:19 of 1st period - Shot Misses the Net.
8:39 of 1st period - Wrist shot by Brad Winchester.
8:39 of 1st period - Stopped by Alex Stalock with a rebound.
8:41 of 1st period - Wrist shot by Tyler Kennedy.
8:41 of 1st period - Shot Blocked by Mathieu Carle.
8:57 of 1st period - Noah Welch is hit by Alexander Sulzer and loses puck.
10:08 of 1st period - Wrist shot by Andrew Kozek.
10:08 of 1st period - Shot Misses the Net.
10:24 of 1st period - Snap shot by Brad Winchester.
10:24 of 1st period - Deflect By Tyler Brenner.
10:24 of 1st period - Stopped by Alex Stalock without a rebound.
10:25 of 1st period - Ryan Carter wins face-off versus Tyler Brenner in Influenza zone.
10:37 of 1st period - Backhand shot by Robbie Earl.
10:37 of 1st period - Shot Blocked by Alexander Sulzer.
11:04 of 1st period - Slapshot by Tyler Brenner.
11:04 of 1st period - Shot Misses the Net.
11:06 of 1st period - Snap shot by Tyler Brenner.
11:06 of 1st period - Shot Misses the Net.
11:08 of 1st period - Snap shot by Tyler Kennedy.
11:08 of 1st period - Stopped by Alex Stalock with a rebound.
12:04 of 1st period - Slapshot by Corey Tropp.
12:04 of 1st period - Stopped by Alex Auld with a rebound.
12:06 of 1st period - Snap shot by Corey Tropp.
12:06 of 1st period - Deflect By Kyle Wharton.
12:06 of 1st period - Stopped by Alex Auld without a rebound.
12:07 of 1st period - Andreas Engqvist wins face-off versus Marc-Antoine Pouliot in Atomiques zone.
12:32 of 1st period - Andrew Kozek is hit by Ryan Carter and loses puck.
12:37 of 1st period - Wrist shot by Martins Karsums.
12:37 of 1st period - Stopped by Alex Auld without a rebound.
12:38 of 1st period - Tyler Brenner wins face-off versus Ryan Carter in Atomiques zone.
12:56 of 1st period - Wrist shot by Ryan Carter.
12:56 of 1st period - Stopped by Alex Auld without a rebound.
12:57 of 1st period - Zac Dalpe wins face-off versus Marc-Antoine Pouliot in Atomiques zone.
13:01 of 1st period - Icing by Kenndal McArdle.
13:02 of 1st period - Zac Dalpe wins face-off versus Kenndal McArdle in Atomiques zone.
13:11 of 1st period - Snap shot by Jamie Benn.
13:11 of 1st period - Shot Misses the Net.
13:15 of 1st period - Slapshot by Ben Smith.
13:15 of 1st period - Shot Blocked by Victor Hedman.
13:45 of 1st period - Tyler Kennedy is hit by Mathieu Carle and loses puck.
14:08 of 1st period - Wrist shot by Nick Johnson.
14:08 of 1st period - Stopped by Alex Stalock with a rebound.
14:47 of 1st period - Matt Corrente is hit by Shawn Belle and loses puck.
14:56 of 1st period - Wrist shot by Zac Dalpe.
14:56 of 1st period - Stopped by Alex Auld with a rebound.
15:32 of 1st period - Slapshot by Andreas Engqvist.
15:32 of 1st period - Shot Misses the Net.
16:18 of 1st period - Minor Penalty to Kyle Wharton for Delaying the game.
16:19 of 1st period - Ryan Carter wins face-off versus Brad Winchester in Atomiques zone.
17:10 of 1st period - Davis Drewiske is hit by Zac Dalpe.
18:18 of 1st period - Penalty to Kyle Wharton is over, Kyle Wharton is back on ice.
18:23 of 1st period - Slapshot by Victor Hedman.
18:23 of 1st period - Deflect By Alex Berry.
18:23 of 1st period - Stopped by Alex Stalock without a rebound.
18:24 of 1st period - Colin McDonald wins face-off versus Brett Sutter in Influenza zone.
18:36 of 1st period - Snap shot by Brett Sutter.
18:36 of 1st period - Shot Misses the Net.
18:38 of 1st period - Slapshot by Clayton Stoner.
18:38 of 1st period - Shot Blocked by Jordan Schroeder.
18:40 of 1st period - Slapshot by Kyle Wharton.
18:40 of 1st period - Shot Blocked by Mathieu Carle.
18:50 of 1st period - Colin McDonald is hit by Kyle Wharton and loses puck.
18:57 of 1st period - Snap shot by Andrew Kozek.
18:57 of 1st period - Stopped by Alex Stalock with a rebound.
19:19 of 1st period - Mathieu Carle is hit by Tyler Kennedy.
19:35 of 1st period - Zac Dalpe is hit by Shawn Belle and loses puck.
19:54 of 1st period - Ryan Carter is hit by Brett Sutter and loses puck.
Goals for this period are 0 for Influenza vs 0 for Atomiques.
Shots for this period are 6 for Influenza vs 11 for Atomiques.
2nd period
0:01 of 2nd period - Ryan Carter wins face-off versus Tyler Brenner in neutral zone.
0:30 of 2nd period - Snap shot by Ryan Shannon.
0:30 of 2nd period - Stopped by Alex Stalock without a rebound.
0:31 of 2nd period - Zac Dalpe wins face-off versus Marc-Antoine Pouliot in Influenza zone.
1:16 of 2nd period - Off-side.
1:17 of 2nd period - Marc-André Cliche wins face-off versus Andreas Engqvist in neutral zone.
1:22 of 2nd period - Snap shot by Andrew Kozek.
1:22 of 2nd period - Shot Misses the Net.
1:28 of 2nd period - Wrist shot by Ryan Russell.
1:28 of 2nd period - Stopped by Alex Auld with a rebound.
1:30 of 2nd period - Slapshot by Corey Tropp.
1:30 of 2nd period - Shot Blocked by Victor Hedman.
1:32 of 2nd period - Slapshot by John Klingberg.
1:32 of 2nd period - Deflect By Victor Hedman.
1:32 of 2nd period - Stopped by Alex Auld with a rebound.
1:43 of 2nd period - Minor Penalty to Tyler Kennedy for Holding.
1:44 of 2nd period - Brad Winchester wins face-off versus Ryan Carter in Atomiques zone.
1:44 of 2nd period - Brad Winchester is hit by Robbie Earl.
3:43 of 2nd period - Penalty to Tyler Kennedy is over, Tyler Kennedy is back on ice.
4:13 of 2nd period - Corey Tropp is hit by John McCarthy and loses puck.
4:24 of 2nd period - Minor Penalty to Matt Corrente for Hooking.
4:25 of 2nd period - Martins Karsums wins face-off versus Tyler Brenner in Influenza zone.
5:11 of 2nd period - Tyler Kennedy is hit by Ryan Carter and loses puck.
6:24 of 2nd period - Penalty to Matt Corrente is over, Matt Corrente is back on ice.
6:51 of 2nd period - Wrist shot by Victor Hedman.
6:51 of 2nd period - Shot Misses the Net.
6:53 of 2nd period - Backhand shot by Andrew Kozek.
6:53 of 2nd period - Stopped by Alex Stalock without a rebound.
6:54 of 2nd period - Zac Dalpe wins face-off versus Brett Sutter in Influenza zone.
6:54 of 2nd period - Zac Dalpe is hit by Alex Berry.
7:43 of 2nd period - Wrist shot by Marc-André Cliche.
7:43 of 2nd period - Goal by Marc-André Cliche - Influenza : 0 - Atomiques : 1.
7:44 of 2nd period - Tyler Brenner wins face-off versus Ryan Carter in neutral zone.
7:51 of 2nd period - Snap shot by Brad Winchester.
7:51 of 2nd period - Shot Misses the Net.
8:34 of 2nd period - Evgeny Grachev is hit by Brett Sutter and loses puck.
8:41 of 2nd period - Wrist shot by Alex Berry.
8:41 of 2nd period - Deflect By Brett Sutter.
8:41 of 2nd period - Stopped by Alex Stalock without a rebound.
8:42 of 2nd period - Ryan Carter wins face-off versus Tyler Brenner in Influenza zone.
8:42 of 2nd period - Ryan Carter is hit by Brad Winchester.
8:48 of 2nd period - Snap shot by Ryan Carter.
8:48 of 2nd period - Stopped by Alex Auld with a rebound.
8:50 of 2nd period - Snap shot by Martins Karsums.
8:50 of 2nd period - Stopped by Alex Auld without a rebound.
8:51 of 2nd period - Ryan Carter wins face-off versus Tyler Brenner in Atomiques zone.
8:52 of 2nd period - Snap shot by Martins Karsums.
8:52 of 2nd period - Stopped by Alex Auld without a rebound.
8:53 of 2nd period - Ryan Carter wins face-off versus Tyler Brenner in Atomiques zone.
8:56 of 2nd period - Snap shot by Ryan Carter.
8:56 of 2nd period - Stopped by Alex Auld with a rebound.
8:58 of 2nd period - Slapshot by Noah Welch.
8:58 of 2nd period - Shot Misses the Net.
9:00 of 2nd period - Snap shot by Ryan Carter.
9:00 of 2nd period - Shot Blocked by Victor Hedman.
9:02 of 2nd period - Slapshot by Mathieu Carle.
9:02 of 2nd period - Shot Misses the Net.
9:04 of 2nd period - Slapshot by Mathieu Carle.
9:04 of 2nd period - Stopped by Alex Auld without a rebound.
9:05 of 2nd period - Ryan Carter wins face-off versus Tyler Brenner in Atomiques zone.
9:27 of 2nd period - Icing by Victor Hedman.
9:28 of 2nd period - Zac Dalpe wins face-off versus Marc-Antoine Pouliot in Atomiques zone.
9:29 of 2nd period - Wrist shot by Ben Smith.
9:29 of 2nd period - Stopped by Alex Auld without a rebound.
9:30 of 2nd period - Marc-Antoine Pouliot wins face-off versus Zac Dalpe in Atomiques zone.
9:30 of 2nd period - Marc-Antoine Pouliot is hit by Jamie Benn.
9:36 of 2nd period - Slapshot by Victor Hedman.
9:36 of 2nd period - Stopped by Alex Stalock with a rebound.
9:38 of 2nd period - Slapshot by Victor Hedman.
9:38 of 2nd period - Stopped by Alex Stalock with a rebound.
9:40 of 2nd period - Snap shot by Marc-Antoine Pouliot.
9:40 of 2nd period - Stopped by Alex Stalock with a rebound.
9:42 of 2nd period - Slapshot by Marc-Antoine Pouliot.
9:42 of 2nd period - Stopped by Alex Stalock without a rebound.
9:43 of 2nd period - Brad Winchester wins face-off versus Ryan Carter in Influenza zone.
10:35 of 2nd period - Snap shot by Evgeny Grachev.
10:35 of 2nd period - Stopped by Alex Auld without a rebound.
10:36 of 2nd period - Ryan Carter wins face-off versus Brad Winchester in Atomiques zone.
10:37 of 2nd period - Wrist shot by Martins Karsums.
10:37 of 2nd period - Stopped by Alex Auld with a rebound.
10:39 of 2nd period - Snap shot by Ryan Carter.
10:39 of 2nd period - Shot Misses the Net.
10:41 of 2nd period - Slapshot by John Klingberg.
10:41 of 2nd period - Shot Misses the Net.
10:43 of 2nd period - Slapshot by Matt Corrente.
10:43 of 2nd period - Goal by Matt Corrente - Influenza : 1 - Atomiques : 1.
10:44 of 2nd period - Ryan Carter wins face-off versus Tyler Brenner in neutral zone.
10:46 of 2nd period - Off-side.
10:47 of 2nd period - Tyler Brenner wins face-off versus Ryan Carter in neutral zone.
11:11 of 2nd period - Mathieu Carle is hit by Kenndal McArdle and loses puck.
11:17 of 2nd period - Minor Penalty to Alexander Sulzer for Hooking.
11:18 of 2nd period - Brad Winchester wins face-off versus Ryan Carter in Atomiques zone.
11:43 of 2nd period - Brad Winchester is hit by Noah Welch and loses puck.
12:01 of 2nd period - Off-side.
12:02 of 2nd period - Ryan Shannon wins face-off versus Ryan Carter in neutral zone.
12:32 of 2nd period - Slapshot by John Klingberg.
12:32 of 2nd period - Stopped by Alex Auld with a rebound.
12:34 of 2nd period - Slapshot by Matt Corrente.
12:34 of 2nd period - Goal by Matt Corrente - Influenza : 2 - Atomiques : 1.
12:35 of 2nd period - Tyler Brenner wins face-off versus Ryan Carter in neutral zone.
12:37 of 2nd period - Alexander Sulzer is hit by Mathieu Carle and loses puck.
12:40 of 2nd period - Minor Penalty to Robbie Earl for Goalie Interference.
12:41 of 2nd period - Tyler Brenner wins face-off versus Martins Karsums in Influenza zone.
12:51 of 2nd period - Wrist shot by Tyler Kennedy.
12:51 of 2nd period - Goal by Tyler Kennedy - Influenza : 2 - Atomiques : 2.
12:52 of 2nd period - Tyler Brenner wins face-off versus Ryan Carter in neutral zone.
12:55 of 2nd period - Slapshot by Victor Hedman.
12:55 of 2nd period - Shot Blocked by Noah Welch.
13:19 of 2nd period - Victor Hedman is hit by Zac Dalpe and loses puck.
13:36 of 2nd period - Matt Corrente is hit by Nick Johnson and loses puck.
13:43 of 2nd period - Wrist shot by Andrew Kozek.
13:43 of 2nd period - Shot Misses the Net.
13:45 of 2nd period - Slapshot by Clayton Stoner.
13:45 of 2nd period - Stopped by Alex Stalock with a rebound.
13:47 of 2nd period - Snap shot by Andrew Kozek.
13:47 of 2nd period - Stopped by Alex Stalock with a rebound.
13:49 of 2nd period - Wrist shot by Andrew Kozek.
13:49 of 2nd period - Shot Misses the Net.
13:55 of 2nd period - Minor Penalty to Evgeny Grachev for Hooking.
13:56 of 2nd period - Tyler Kennedy wins face-off versus Martins Karsums in Influenza zone.
14:12 of 2nd period - Slapshot by Alexander Sulzer.
14:12 of 2nd period - Shot Blocked by Noah Welch.
14:22 of 2nd period - Robbie Earl is hit by Marc-Antoine Pouliot.
14:34 of 2nd period - Kenndal McArdle is hit by Ryan Carter and loses puck.
14:43 of 2nd period - Ben Smith is hit by Marc-Antoine Pouliot and loses puck.
15:47 of 2nd period - Alexander Sulzer is hit by John Klingberg and loses puck.
15:55 of 2nd period - Penalty to Evgeny Grachev is over, Evgeny Grachev is back on ice.
16:02 of 2nd period - Davis Drewiske is hit by Evgeny Grachev and loses puck.
16:26 of 2nd period - Slapshot by Brett Sutter.
16:26 of 2nd period - Shot Misses the Net.
16:28 of 2nd period - Snap shot by Alex Berry.
16:28 of 2nd period - Stopped by Alex Stalock with a rebound.
16:52 of 2nd period - Snap shot by Zac Dalpe.
16:52 of 2nd period - Stopped by Alex Auld with a rebound.
17:08 of 2nd period - Robbie Earl is hit by Andrew Kozek and loses puck.
17:27 of 2nd period - Slapshot by Noah Welch.
17:27 of 2nd period - Deflect By T.J Galiardi.
17:27 of 2nd period - Stopped by Alex Auld with a rebound.
17:29 of 2nd period - Snap shot by Evgeny Grachev.
17:29 of 2nd period - Stopped by Alex Auld with a rebound.
17:52 of 2nd period - Minor Penalty to Jamie Benn for Holding.
17:53 of 2nd period - Marc-Antoine Pouliot wins face-off versus Martins Karsums in Influenza zone.
18:10 of 2nd period - Noah Welch is hit by Victor Hedman and loses puck.
18:21 of 2nd period - Slapshot by Victor Hedman.
18:21 of 2nd period - Deflect By Marc-Antoine Pouliot.
18:21 of 2nd period - Stopped by Alex Stalock with a rebound.
18:23 of 2nd period - Slapshot by Alexander Sulzer.
18:23 of 2nd period - Deflect By Marc-Antoine Pouliot.
18:23 of 2nd period - Shot Misses the Net.
18:23 of 2nd period - Puck is out of play.
18:24 of 2nd period - Tyler Kennedy wins face-off versus Martins Karsums in Influenza zone.
18:25 of 2nd period - Snap shot by Brad Winchester.
18:25 of 2nd period - Stopped by Alex Stalock without a rebound.
18:26 of 2nd period - Tyler Brenner wins face-off versus Martins Karsums in Influenza zone.
19:26 of 2nd period - Kenndal McArdle is hit by Matt Corrente and loses puck.
19:52 of 2nd period - Penalty to Jamie Benn is over, Jamie Benn is back on ice.
Goals for this period are 2 for Influenza vs 2 for Atomiques.
Shots for this period are 16 for Influenza vs 14 for Atomiques.
3rd period
0:01 of 3rd period - Ryan Carter wins face-off versus Tyler Brenner in neutral zone.
0:01 of 3rd period - Mathieu Carle is hit by Victor Hedman and loses puck.
0:17 of 3rd period - Noah Welch is hit by Brad Winchester and loses puck.
0:33 of 3rd period - Icing by John Klingberg.
0:34 of 3rd period - Marc-Antoine Pouliot wins face-off versus Zac Dalpe in Influenza zone.
0:39 of 3rd period - Snap shot by Marc-Antoine Pouliot.
0:39 of 3rd period - Shot Blocked by Matt Corrente.
0:41 of 3rd period - Minor Penalty to Zac Dalpe for Hooking.
0:42 of 3rd period - Martins Karsums wins face-off versus Tyler Brenner in Influenza zone.
0:42 of 3rd period - Martins Karsums is hit by Victor Hedman.
0:50 of 3rd period - Snap shot by Tyler Kennedy.
0:50 of 3rd period - Stopped by Alex Stalock without a rebound.
0:51 of 3rd period - Martins Karsums wins face-off versus Tyler Brenner in Influenza zone.
0:51 of 3rd period - Martins Karsums is hit by Tyler Kennedy.
0:57 of 3rd period - Slapshot by Noah Welch.
0:57 of 3rd period - Stopped by Alex Auld without a rebound.
0:58 of 3rd period - Tyler Brenner wins face-off versus Robbie Earl in Atomiques zone.
1:05 of 3rd period - Wrist shot by Tyler Kennedy.
1:05 of 3rd period - Shot Hit the Post.
1:07 of 3rd period - Snap shot by Victor Hedman.
1:07 of 3rd period - Deflect By Brad Winchester.
1:07 of 3rd period - Stopped by Alex Stalock with a rebound.
1:28 of 3rd period - Off-side.
1:29 of 3rd period - Tyler Brenner wins face-off versus Ryan Carter in neutral zone.
1:34 of 3rd period - Slapshot by Shawn Belle.
1:34 of 3rd period - Stopped by Alex Stalock with a rebound.
1:36 of 3rd period - Snap shot by Tyler Brenner.
1:36 of 3rd period - Stopped by Alex Stalock with a rebound.
1:45 of 3rd period - Minor Penalty to Ben Smith for Hooking.
1:46 of 3rd period - Martins Karsums wins face-off versus Tyler Brenner in Influenza zone.
1:56 of 3rd period - Snap shot by Brad Winchester.
1:56 of 3rd period - Stopped by Alex Stalock without a rebound.
1:57 of 3rd period - Martins Karsums wins face-off versus Tyler Brenner in Influenza zone.
2:28 of 3rd period - Slapshot by Davis Drewiske.
2:28 of 3rd period - Stopped by Alex Stalock without a rebound.
2:29 of 3rd period - Marc-Antoine Pouliot wins face-off versus Martins Karsums in Influenza zone.
2:41 of 3rd period - Penalty to Zac Dalpe is over, Zac Dalpe is back on ice.
3:04 of 3rd period - Slapshot by Brad Winchester.
3:04 of 3rd period - Deflect By Tyler Kennedy.
3:04 of 3rd period - Goal by Tyler Kennedy - Influenza : 2 - Atomiques : 3.
3:05 of 3rd period - Zac Dalpe wins face-off versus Tyler Brenner in neutral zone.
3:08 of 3rd period - Tyler Kennedy is hit by Jamie Benn and loses puck.
3:36 of 3rd period - Snap shot by Davis Drewiske.
3:36 of 3rd period - Deflect By Mathieu Carle.
3:36 of 3rd period - Stopped by Alex Stalock with a rebound.
3:38 of 3rd period - Wrist shot by Ryan Shannon.
3:38 of 3rd period - Atomiques goal is going for a video replay.
3:38 of 3rd period - The goal is refused. The puck has entered the net after making contact with an attacking player’s stick that is above the height of the crossbar..
3:39 of 3rd period - Tyler Brenner wins face-off versus Ryan Carter in Influenza zone.
4:04 of 3rd period - Shawn Belle is hit by Ben Smith and loses puck.
4:23 of 3rd period - Minor Penalty to Andrew Kozek for Cross-checking.
4:24 of 3rd period - Ryan Carter wins face-off versus Brad Winchester in Atomiques zone.
4:39 of 3rd period - Wrist shot by Robbie Earl.
4:39 of 3rd period - Stopped by Alex Auld with a rebound.
4:49 of 3rd period - Tyler Kennedy is hit by Jamie Benn and loses puck.
6:23 of 3rd period - Penalty to Andrew Kozek is over, Andrew Kozek is back on ice.
6:40 of 3rd period - Slapshot by Kyle Wharton.
6:40 of 3rd period - Stopped by Alex Stalock without a rebound.
6:41 of 3rd period - Brett Sutter wins face-off versus Andreas Engqvist in Influenza zone.
6:56 of 3rd period - Snap shot by Andreas Engqvist.
6:56 of 3rd period - Stopped by Alex Auld without a rebound.
6:57 of 3rd period - Ryan Carter wins face-off versus Marc-Antoine Pouliot in Atomiques zone.
7:10 of 3rd period - Wrist shot by Ryan Carter.
7:10 of 3rd period - Stopped by Alex Auld with a rebound.
7:22 of 3rd period - Andrew Kozek is hit by Noah Welch and loses puck.
7:29 of 3rd period - Wrist shot by Jamie Benn.
7:29 of 3rd period - Shot Misses the Net.
7:31 of 3rd period - Wrist shot by Noah Welch.
7:31 of 3rd period - Stopped by Alex Auld without a rebound.
7:32 of 3rd period - Ryan Carter wins face-off versus Tyler Brenner in Atomiques zone.
7:35 of 3rd period - Wrist shot by Robbie Earl.
7:35 of 3rd period - Stopped by Alex Auld with a rebound.
7:57 of 3rd period - Minor Penalty to Tyler Kennedy for Interference.
7:58 of 3rd period - Ryan Carter wins face-off versus Brad Winchester in Atomiques zone.
8:05 of 3rd period - Wrist shot by Ryan Carter.
8:05 of 3rd period - Stopped by Alex Auld with a rebound.
8:07 of 3rd period - Wrist shot by Martins Karsums.
8:07 of 3rd period - Shot Misses the Net.
8:09 of 3rd period - Slapshot by Mathieu Carle.
8:09 of 3rd period - Shot Misses the Net.
9:52 of 3rd period - Mathieu Carle is hit by Victor Hedman and loses puck.
9:57 of 3rd period - Penalty to Tyler Kennedy is over, Tyler Kennedy is back on ice.
10:18 of 3rd period - Snap shot by Tyler Kennedy.
10:18 of 3rd period - Shot Misses the Net.
11:42 of 3rd period - Snap shot by Ryan Russell.
11:42 of 3rd period - Shot Misses the Net.
12:10 of 3rd period - Tyler Kennedy is hit by Zac Dalpe.
13:41 of 3rd period - Kenndal McArdle is hit by Ben Smith and loses puck.
13:48 of 3rd period - Jamie Benn is hit by Ryan Shannon and loses puck.
14:00 of 3rd period - Slapshot by Kyle Wharton.
14:00 of 3rd period - Stopped by Alex Stalock with a rebound.
14:02 of 3rd period - Snap shot by Marc-Antoine Pouliot.
14:02 of 3rd period - Shot Misses the Net.
14:18 of 3rd period - Ben Smith is hit by Marc-Antoine Pouliot and loses puck.
14:25 of 3rd period - Slapshot by Ryan Shannon.
14:25 of 3rd period - Stopped by Alex Stalock without a rebound.
14:26 of 3rd period - Tyler Brenner wins face-off versus Ryan Carter in Influenza zone.
14:51 of 3rd period - Marc-André Cliche is hit by T.J Galiardi and loses puck.
15:00 of 3rd period - Snap shot by Jeremy Morin.
15:00 of 3rd period - Stopped by Alex Auld with a rebound.
15:10 of 3rd period - Slapshot by Kyle Wharton.
15:10 of 3rd period - Deflect By Corey Tropp.
15:10 of 3rd period - Stopped by Alex Stalock without a rebound.
15:11 of 3rd period - Brett Sutter wins face-off versus Andreas Engqvist in Influenza zone.
15:43 of 3rd period - Snap shot by Marc-André Cliche.
15:43 of 3rd period - Stopped by Alex Stalock without a rebound.
15:44 of 3rd period - Ryan Carter wins face-off versus Marc-André Cliche in Influenza zone.
17:09 of 3rd period - Wrist shot by Brad Winchester.
17:09 of 3rd period - Stopped by Alex Stalock without a rebound.
17:10 of 3rd period - Marc-André Cliche wins face-off versus Evgeny Grachev in Influenza zone.
17:17 of 3rd period - Wrist shot by Marc-André Cliche.
17:17 of 3rd period - Stopped by Alex Stalock without a rebound.
17:18 of 3rd period - Marc-André Cliche wins face-off versus Evgeny Grachev in Influenza zone.
17:23 of 3rd period - Wrist shot by Nick Johnson.
17:23 of 3rd period - Shot Misses the Net.
17:31 of 3rd period - Alexander Sulzer is hit by T.J Galiardi and loses puck.
17:38 of 3rd period - Snap shot by Evgeny Grachev.
17:38 of 3rd period - Shot Blocked by Alexander Sulzer.
18:02 of 3rd period - Slapshot by Andrew Kozek.
18:02 of 3rd period - Shot Misses the Net.
18:12 of 3rd period - Wrist shot by Andrew Kozek.
18:12 of 3rd period - Shot Blocked by Jeremy Morin.
18:24 of 3rd period - Snap shot by Nick Johnson.
18:24 of 3rd period - Stopped by Alex Stalock with a rebound.
18:26 of 3rd period - Slapshot by Victor Hedman.
18:26 of 3rd period - Shot Misses the Net.
18:28 of 3rd period - Slapshot by Andrew Kozek.
18:28 of 3rd period - Shot Misses the Net.
18:30 of 3rd period - Wrist shot by Andrew Kozek.
18:30 of 3rd period - Stopped by Alex Stalock with a rebound.
18:56 of 3rd period - Snap shot by Nick Johnson.
18:56 of 3rd period - Goal by Nick Johnson - Influenza : 2 - Atomiques : 4.
18:57 of 3rd period - Ryan Carter wins face-off versus Brett Sutter in neutral zone.
19:02 of 3rd period - Wrist shot by Martins Karsums.
19:02 of 3rd period - Stopped by Alex Auld with a rebound.
19:44 of 3rd period - Slapshot by John Klingberg.
19:44 of 3rd period - Deflect By Ryan Shannon.
19:44 of 3rd period - Stopped by Alex Auld without a rebound.
19:45 of 3rd period - Colin McDonald wins face-off versus Marc-Antoine Pouliot in Atomiques zone.
19:57 of 3rd period - Minor Penalty to Jordan Schroeder for Slashing.
19:58 of 3rd period - Tyler Brenner wins face-off versus Robbie Earl in Influenza zone.
Goals for this period are 0 for Influenza vs 2 for Atomiques.
Shots for this period are 10 for Influenza vs 19 for Atomiques.
Back to the Top